 Dungeon Crawl Stone Soup version 0.30.0-29-ga12c61a403 (webtiles) character file.

Game seed: 2790639713257581214

13 Peloso the Shield-Bearer (level 2, 27/27 HPs)
             Began as a Minotaur Fighter on June 7, 2023.
             Got out of the dungeon alive.
             The game lasted 00:00:48 (425 turns).

Peloso the Shield-Bearer (Minotaur Fighter)          Turns: 425, Time: 00:00:48

Health: 27/27      AC:  7    Str: 19    XL:     2   Next: 24%
Magic:  1/1        EV:  9    Int:  4    God:
Gold:   17         SH:  5    Dex: 13    Spells: 1/1 levels left

rFire   . . .        a - +0 long sword
rCold   . . .        c - +0 buckler
rNeg    . . .        b - +0 scale mail
rPois   .            (helmet restricted)
rElec   .            (no cloak)
rCorr   .            (no gloves)
SInv    .            (no boots)
Will    .....        (no amulet) Stlth
                     (no ring)
HPRegen 0.24/turn    (no ring)
MPRegen 0.07/turn

%: no passive effects
@: no status effects
A: horns 2, retaliatory headbutt, claws 1, agile 1
a: no special abilities


You escaped.
You visited 1 branch of the dungeon, and saw 1 of its levels.

You collected 17 gold pieces.

Inventory:

Hand Weapons
 a - a +0 long sword (weapon)
Armour
 b - a +0 scale mail (worn)
 c - a +0 buckler (worn)
Jewellery
 i - a ring of flight
Scrolls
 e - a scroll of identify {unknown}
Potions
 d - a potion of might


   Skills:
 + Level 3.9 Fighting
 + Level 2.5 Long Blades
 + Level 3.9 Armour
 + Level 4.0 Shields


You had one spell level left.
You didn't know any spells.
Your spell library was empty.

Dungeon Overview and Level Annotations

Branches:
Dungeon (1/15)

Altars:


Innate Abilities, Weirdness & Mutations

You have a pair of horns on your head.
You reflexively headbutt those who attack you in melee.
You have sharp fingernails.
You are agile. (Dex +4, Str/Int -1)


Message History

You see here a +0 club.
Found a stone staircase leading down.
A ball python comes into view.
The ball python hisses angrily.
A ball python is nearby!
A ball python is nearby!
The ball python barely misses you. x2
You slash the ball python!
You kill the ball python!
You see here a ball python corpse.
A giant cockroach comes into view.
A giant cockroach is nearby!
A giant cockroach is nearby!
A giant cockroach is nearby!
You slash the giant cockroach!
You kill the giant cockroach!
You see here a giant cockroach corpse.
i - a ring of flight A kobold comes into view.
It is wielding a +0 whip.
A kobold is nearby!
A kobold is nearby!
A kobold is nearby!
The kobold throws a stone.
The stone hits you but does no damage.
You hit the kobold.
You kill the kobold!
Things that are here:
a +0 whip; 5 stones It was a potion of cancellation.
You feel magically purged.
It was a potion of curing.
You feel better.
It was a potion of mutation.
You feel extremely strange.
Your fingernails lengthen.
You feel agile.
(D) Dungeon
Where to? (? - help)
What level of the Dungeon? (default 1, ? - help)
Things that are here:
a +0 whip; 5 stones You see here a ball python corpse.
There is a staircase leading out of the dungeon here.
Are you sure you want to leave the Dungeon?
This will make you lose the game!
You have escaped!

.....##..............##.#########
............................>....
.....##...#.........###.#.##.####
.....##...#.........###.#....####
.....######...♣.........#.#..##.#
###### #....8.............##..
#.............#.##.##.#
#.............#.....#.#
#.....@...#.#.####..#†#
#.........#.#.#.....#.#
#####..######.##....#.#
#.#######.##..).#..
#.......#.##.(..###
#.....[.#.##....#
#.......#.#.....#
#####.......#.#..#..#
#.............#..#..#


There were no monsters in sight!

Vanquished Creatures
  2 ball pythons (D:1)
  An endoplasm (D:1)
  A giant cockroach (D:1)
  3 goblins (D:1)
  A hobgoblin (D:1)
  A bat (D:1)
  A kobold (D:1)
  2 rats (D:1)
12 creatures vanquished.

Notes
Turn   | Place    | Note
-------+----------+-------------------------------------------
     0 | D:1      | Peloso the Minotaur Fighter began the quest for the Orb.
     0 | D:1      | Reached XP level 1. HP: 19/19 MP: 0/0
   158 | D:1      | Reached XP level 2. HP: 27/27 MP: 1/1
   179 | D:1      | Reached skill level 4 in Shields
   327 | D:1      | Gained mutation: You have sharp fingernails. [potion of
                  | mutation]
   327 | D:1      | Gained mutation: You are agile. (Dex +4, Str/Int -1)
                  | [potion of mutation]
   425 | D:$      | Got out of the dungeon alive.

Illustrated notes

Levels and vault maps discovered:
D:1:      wander_arrival_peaceful_grave, layout_basic

Skill      XL: |  1  2 |
---------------+-------+-----
Shields        | 4 |  4.0
Fighting       | |  3.9
Long Blades    | |  2.5
Armour         | |  3.9

Action                     || total
---------------------------++-------
  Melee: Long sword        ||    17
         Headbutt          ||     2
    Use: Potion            ||     3
 Armour: Scale mail        ||     9
  Dodge: Dodged            ||    10
  Block: Buckler           ||     1
